 Dungeon Crawl Stone Soup version 0.16-a0-1212-geefc3ab (webtiles) character file.

119 Nicoed the Sneak (level 4, 0/23 HPs)
             Began as a Spriggan Assassin on Oct 12, 2014.
             Engulfed by a cloud of noxious fumes (1 damage)
             ... on level 3 of the Dungeon.
             The game lasted 00:19:25 (2235 turns).

Nicoed the Sneak (Spriggan Assassin)                Turns: 2235, Time: 00:19:26

Health: 0/23       AC:  3    Str:  8    XL:     4   Next: 73%
Magic:  8/8        EV: 19    Int: 12    God:
Gold:   49         SH:  0    Dex: 17    Spells: 0 memorised, 3 levels left

rFire  . . .     SeeInvis +     b - +0 blowgun
rCold  + . .     Clarity  .     c - +0 robe
rNeg   . . .     SustAb   .     (shield restricted)
rPois  .         Gourm    .     (helmet restricted)
rElec  .         Spirit   .     d - +0 cloak
rCorr  .         Warding  .     (gloves unavailable)
rMut   .         Stasis   .     (boots unavailable)
MR     .....                    (no amulet)
Stlth  ++........               (no ring)
                                a - ring of protection from cold

@: confused, very quick, not resistant to hostile enchantments, unstealthy
A: unfitting armour, see invisible, herbivore 3, speed 3, slow metabolism 2
a: no special abilities


You were on level 3 of the Dungeon.
You were not hungry.

You visited 1 branch of the dungeon, and saw 3 of its levels.

You collected 49 gold pieces.

Inventory:

Hand weapons
 b - a +0 blowgun (weapon)
 h - a +1 mace of protection
 i - a +0 short sword
Missiles
 e - 4 poisoned needles (quivered)
 f - 2 curare-tipped needles
 v - 12 javelins
Armour
 c - a +0 robe (worn)
 d - a +0 cloak (worn)
 n - a +0 robe
Comestibles
 m - a bread ration
 r - a slice of pizza
Scrolls
 k - 3 scrolls of fog {unknown}
 l - 4 scrolls of teleportation {unknown}
 o - 2 scrolls of identify {unknown}
 q - a scroll of enchant armour {unknown}
 s - a scroll of fear {unknown}
 w - a scroll of remove curse
Jewellery
 a - a ring of protection from cold (left hand)
Potions
 g - a potion of porridge
 j - a potion of curing
 p - 2 potions of heal wounds {unknown}
 t - 2 potions of agility {unknown}
 u - a potion of cancellation {unknown}


   Skills:
 + Level 2.0 Fighting
 + Level 3.0 Short Blades
 + Level 2.6 Throwing
 + Level 3.4 Dodging
 + Level 7.3 Stealth


You had 3 spell levels left.
You didn't know any spells.

Dungeon Overview and Level Annotations

Branches:
Dungeon (3/15)

Altars:
Cheibriados
Vehumet


Innate Abilities, Weirdness & Mutations

You are tiny and cannot use many weapons and most armour.
You have supernaturally acute eyesight.
You are a herbivore.
You cover ground extremely quickly.
You need consume almost no food.


Message History

The poisoned needle closely misses Natasha.
Natasha extends her claws.
Natasha casts a spell at you.
The ball explodes into a vile cloud!
The stinking cloud engulfs you!
You are engulfed in noxious fumes.
You choke on the stench!
You are confused.
You are engulfed in noxious fumes.
You choke on the stench!
You are more confused.
* * * LOW HITPOINT WARNING * * *
You kill Natasha!
Natasha screams in fury as she dies!
Your Fighting skill increases to level 2!
Your Short Blades skill increases to level 3!
You are engulfed in noxious fumes.
You choke on the stench!
You are more confused.
* * * LOW HITPOINT WARNING * * *
You're too confused to move!
You are engulfed in noxious fumes.
You choke on the stench!
You are more confused.
You die...

#..#.# #.#
#.######....#
#.#
#........####
#.#
#####.####
#<# ##.# #.#
#..# #.# .#.
###.## #.#
... #...# #.#
# #.. #@###
##)### #..
#§# ##...##
#..## ##.#
##......
#...###..#
#.......
#..<##.##
#.......
#####..))(.#
#.......
#.......####
##.....#
#......#...#
#..P..P.
......>..#.#
...P≈≈≈≈≈


There were no monsters in sight!

Vanquished Creatures
  Natasha (D:3)
  3 adders
  A giant mite (D:2)
  A giant gecko (D:1)
  3 orcs (D:3)
  6 bats
  4 giant cockroaches
  5 goblins
  5 hobgoblins
  11 jackals (D:1)
  A quokka (D:3)
  A ball python (D:2)
  2 giant newts (D:1)
  4 kobolds
  4 rats
52 creatures vanquished.

Notes
Turn   | Place    | Note
--------------------------------------------------------------
     0 | D:1      | Nicoed, the Spriggan Assassin, began the quest for the Orb.
     0 | D:1      | Reached XP level 1. HP: 10/10 MP: 2/2
    30 | D:1      | Reached skill level 6 in Stealth
   297 | D:1      | Reached XP level 2. HP: 7/14 MP: 4/4
  1069 | D:1      | Reached XP level 3. HP: 12/18 MP: 6/6
  1296 | D:2      | Found a radiant altar of Vehumet.
  1421 | D:2      | Found a snail-covered altar of Cheibriados.
  1870 | D:2      | Reached XP level 4. HP: 23/23 MP: 8/8
  2199 | D:3      | Noticed Natasha
  2212 | D:3      | Reached skill level 7 in Stealth
  2233 | D:3      | Killed Natasha
  2234 | D:3      | HP: 1/23 [cloud of noxious fumes (1)]
  2235 | D:3      | Engulfed by a cloud of noxious fumes

Action                   |  1- 3 |  4- 6 || total
-------------------------+-------+-------++-------
Melee: Dagger            |   112 |       ||   112
       Short sword       |    13 |    52 ||    65
 Fire: Blowgun           |    10 |     3 ||    13
  Use: Scroll            |     2 |       ||     2
       Potion            |     1 |       ||     1
 Stab: Sleeping          |     8 |     2 ||    10
